 Seeded DCSS version 0.30.1-5-ged363bc7ee (webtiles) character file.

Game seed: 920673320228942481 (custom seed)

3 Psyclone the Conjurer (level 1, 10/10 HPs)
             Began as a Deep Elf Conjurer on Sept 19, 2023.
             Quit the game on level 1 of the Dungeon.
             The game lasted 00:01:20 (147 turns).

Psyclone the Conjurer (Deep Elf Conjurer)            Turns: 147, Time: 00:01:21

Health: 10/10      AC:  2    Str:  4    XL:     1   Next: 41%
Magic:  6/6        EV: 13    Int: 31    God:
Gold:   843        SH:  0    Dex: 19    Spells: 5/6 levels left

rFire   + . .        (no weapon)
rCold   . . .        (no shield)
rNeg    . . .        a - +0 robe
rPois   .            (no helmet)
rElec   .            (no cloak)
rCorr   .            (no gloves)
SInv    .            (no boots)
Will    .....        (no amulet)
Stlth   +++          c - ring of wizardry
HPRegen 0.21/turn    e - ring "Felusk" {rF+ Int+9 Dex+6 Slay-5 Stlth+}
MPRegen 0.10/turn

%: wizardry (x1)
@: no status effects
A: no striking features
a: no special abilities


You were on level 1 of the Dungeon.
You visited 1 branch of the dungeon, and saw 1 of its levels.

You collected 843 gold pieces.

Inventory:

Armour
 a - a +0 robe (worn)
Jewellery
 c - a ring of wizardry (left hand)
 e - the ring "Felusk" (right hand) {rF+ Int+9 Dex+6 Slay-5 Stlth+}
   (You acquired it on level 1 of the Dungeon)

   [ring of dexterity]

   Int:       It affects your intelligence (+9).
   Dex:       It affects your dexterity (+6).
   Slay:      It affects your accuracy & damage with ranged weapons and melee
   (-5).
   rF:        It protects you from fire.
   Stlth:     It makes you more stealthy.
Potions
 b - a potion of magic
 d - a potion of resistance {unknown}


   Skills:
 - Level 2.4 Dodging
 - Level 2.4 Stealth
 - Level 3.0 Spellcasting
 + Level 4.6 Conjurations


You had 5 spell levels left.
You knew the following spells:

 Your Spells              Type           Power      Damage    Failure   Level
a - Magic Dart            Conj           100%       1d8       1%          1

Your spell library contained the following spells:

 Spells                   Type           Power      Damage    Failure   Level
 Searing Ray              Conj           66%        2d6       1%          2
 Sting                    Tmut/Pois      16%        1d3       2%          1
 Dazzling Flash           Conj/Hex       36%        N/A       3%          3
 Passwall                 Tmut/Erth      3%         N/A       4%          2
 Ignite Poison            Fire/Tmut/Pois 4%         N/A       9%          3
 Spider Form              Tmut/Pois      4%         N/A       9%          3
 Fulminant Prism          Conj/Hex       9%         3d7       11%         4
 Iskenderun's Mystic Bla  Conj/Tloc      18%        2d6       11%         4
 Petrify                  Tmut/Erth      4%         N/A       26%         4


Dungeon Overview and Level Annotations

Branches:
Dungeon (1/15) Zot: 5854

Altars:


Message History

A ball python comes into view.
Found a stone staircase leading down.
Casting: Magic Dart (safe; 1% risk of failure)
Confirm with . or Enter, or press ? or * to list all spells.
Aiming: Magic Dart (safe; 1% risk of failure)
Press: ? - help, Shift-Dir - straight line, f - ball python
Aim: a ball python (asleep, 100% to hit)
The magic dart hits the ball python.
You kill the ball python!
You now have 5/6 mp.
Casting: Magic Dart (safe; 1% risk of failure)
Confirm with . or Enter, or press ? or * to list all spells.
You can't see any susceptible monsters within range! (Use Z to cast anyway.) Unknown command.
Casting: Magic Dart (safe; 1% risk of failure)
Confirm with . or Enter, or press ? or * to list all spells.
You can't see any susceptible monsters within range! (Use Z to cast anyway.) Unknown command.
You open the door.
Found 13 gold pieces.
Found 3 scrolls labelled NOEDYA EDEF.
There is an open door here.
You now have 17 gold pieces (gained 13).
MP restored: 6
Found a hand axe.
e - 3 scrolls labelled NOEDYA EDEF This is a scroll of acquirement!
Something appears at your feet! Something appears at your feet!
You see here the Codex of the Old and Reckless.
Something appears at your feet!
You pick up the Codex of the Old and Reckless and begin reading...
You add the spells Sting, Passwall, Ignite Poison, Spider Form and Petrify to your library.
e - the ring "Felusk" {rF+ Int+9 Dex+6 Slay-5 Stlth+} You now have 843 gold pieces (gained 826).
c - a ring of wizardry (left hand)
You feel agile.
You feel clever.
e - the ring "Felusk" (right hand) {rF+ Int+9 Dex+6 Slay-5 Stlth+} Unknown command.
Found a stone staircase leading down.
Are you sure you want to abandon this character and quit the game? (Confirm with "yes".)

## .> #.##########
#.#........#
#.#.######.#
#.#.######..
#.@........#
#...######.# ..
#......# #..
#....#.# #..
#....#.#
#.###..###.#
#..........#
#####+#....#########
### ...........#
#.....#


There were no monsters in sight!

Vanquished Creatures
  A dart slug (D:1)
  A ball python (D:1)
2 creatures vanquished.

Notes
Turn   | Place    | Note
-------+----------+-------------------------------------------
     0 | D:1      | Psyclone the Deep Elf Conjurer began the quest for the Orb.
     0 | D:1      | Reached XP level 1. HP: 10/10 MP: 6/6
   108 | D:1      | Identified 3 scrolls of acquirement
   108 | D:1      | Acquired 826 gold pieces
   109 | D:1      | Acquired the ring "Felusk" {rF+ Int+9 Dex+6 Slay-5 Stlth+}
   110 | D:1      | Acquired the Codex of the Old and Reckless
   147 | D:1      | Quit the game

Illustrated notes

Levels and vault maps discovered:
D:1:      dpeg_arrival_orchard, layout_basic

Action                     || total
---------------------------++-------
   Cast: Magic Dart        ||     5
    Use: Scroll            ||     3
